 Dungeon Crawl Stone Soup version 0.29-a0-322-g68df515428 (webtiles) character file.

Game seed: 5220939223935877667

1622 Morbidden the Ruffian (level 8, -6/74 HPs)
             Began as a Troll Conjurer on Apr 8, 2022.
             Was an Elder of Jiyva.
             Mangled by a two-headed ogre
             ... wielding a +0 giant club
              (23 damage)
             ... on level 6 of the Dungeon.
             The game lasted 00:10:41 (4817 turns).

Morbidden the Ruffian (Troll Conjurer)              Turns: 4817, Time: 00:10:42

Health: -6/74      AC:  8    Str: 16    XL:     8   Next: 65%
Magic:  11/11      EV: 10    Int: 16    God:    Jiyva [****..]
Gold:   180        SH:  0    Dex:  8    Spells: 5/12 levels left

rFire   . . .      SeeInvis .     - Unarmed
rCold   . . .      Faith    .   (no shield)
rNeg    . . .      Spirit   .   a - +0 robe
rPois   .          Reflect  .   (helmet restricted)
rElec   .          Harm     .   (no cloak)
rCorr   +          Rampage  .   (gloves unavailable)
Will    .....                   (boots unavailable)
Stlth   +.........              f - amulet of magic regeneration
HPRegen 2.30/turn               e - +4 ring of protection
MPRegen 0.92/turn               (no ring)

@: calling ooze
A: large, unfitting armour, claws 3, regeneration 1, shaggy fur 1, tough skin 1,
talons 3, acidic bite
a: Renounce Religion, Oozemancy, Slimify


You were on level 6 of the Dungeon.
You worshipped Jiyva.
Jiyva was greatly pleased with you.
You visited 1 branch of the dungeon, and saw 6 of its levels.
You also visited: Sewer.

You collected 180 gold pieces.

Inventory:

Hand Weapons
 v - the +11 morningstar of the Everdark {freeze, *Slow Will+ Int+7}
   (You found it on level 4 of the Dungeon)

   It freezes those it strikes, dealing additional cold damage.
   It can also slow down cold-blooded creatures.
   Int:       It affects your intelligence (+7).
   *Slow:     It may slow you when you take damage.
   Will:      It increases your willpower.
Missiles
 h - 6 boomerangs
 u - 10 javelins
 y - 4 poisoned darts
Armour
 a - a +0 robe (worn)
Jewellery
 e - a +4 ring of protection (left claw)
 f - an amulet of magic regeneration (around neck)
Wands
 r - a wand of flame (14)
Scrolls
 c - a scroll of enchant weapon {unknown}
 d - 4 scrolls of vulnerability {unknown}
 g - 4 scrolls of identify {unknown}
 j - 2 scrolls of teleportation {unknown}
 o - a scroll of summoning {unknown}
 s - a scroll of noise {unknown}
 w - a scroll of blinking {unknown}
 z - a scroll of enchant armour {unknown}
Potions
 b - 2 potions of magic
 i - 3 potions of might {unknown}
 k - 2 potions of invisibility {unknown}
 l - a potion of ambrosia
 m - 3 potions of lignification {unknown}
 n - 2 potions of curing
 p - a potion of berserk rage {unknown}
 q - a potion of resistance {unknown}
 t - 2 potions of attraction {unknown}
 x - a potion of flight {unknown}


   Skills:
 * Level 2.6 Fighting
 * Level 1.6 Maces & Flails
 * Level 4.5 Dodging
 + Level 1.4 Stealth
 * Level 5.2 Unarmed Combat
 * Level 2.7 Spellcasting
 * Level 4.3 Conjurations
 * Level 2.0 Translocations


You had 5 spell levels left.
You knew the following spells:

 Your Spells              Type           Power      Damage    Failure   Level
a - Magic Dart            Conj           64%        1d6       3%          1
b - Searing Ray           Conj           32%        2d5       4%          2
c - Iskenderun's Mystic   Conj/Tloc      12%        2d5       45%         4

Your spell library contained the following spells:

 Spells                   Type           Power      Damage    Failure   Level
 Dazzling Flash           Conj/Hex       18%        N/A       24%         3
 Tukima's Dance           Hex            2%         N/A       50%         3
 Fulminant Prism          Conj/Hex       4%         3d6       61%         4
 Passage of Golubria      Tloc           8%         N/A       63%         4
 Yara's Violent Unravell  Hex/Tmut       1%         3d3       99%         5


Dungeon Overview and Level Annotations

Branches:
Dungeon (6/15)             Temple (0/1) D:5           Sewer (visited)

Altars:
Dithmenos
Gozag
Okawaru
Zin

Shops:
D:1 =   D:2 :


Innate Abilities, Weirdness & Mutations

You are too large for most types of armour.
You have claws for hands.
Your natural rate of healing is unusually fast.
You are covered in fur. (AC +1)
You have tough skin. (AC +1)
You have claws for feet.
You have acidic saliva.


Message History

Unknown command.
The two-headed ogre attacks as you move away!
The two-headed ogre closely misses you. x2
Unknown command.
Unknown command.
Unknown command.
Unknown command.
A centaur comes into view.
The centaur shouts!
The centaur wields a +0 shortbow.
The centaur shoots an arrow.
The arrow hits you.
* * * LOW HITPOINT WARNING * * *
The walls burn the two-headed ogre!
The centaur shoots an arrow.
The arrow hits you.
* * * LOW HITPOINT WARNING * * *
Unknown command.
Unknown command.
Unknown command.
You feel better.
The walls burn the two-headed ogre!
Unknown command.
Unknown command.
Unknown command.
The centaur shoots an arrow.
The arrow hits you.
* * * LOW HITPOINT WARNING * * *
The wall burns the two-headed ogre!
The centaur shoots an arrow.
The arrow hits you.
* * * LOW HITPOINT WARNING * * *
Unknown command.
Unknown command.
Unknown command.
Unknown command.
Unknown command.
Unknown command.
The wall burns the two-headed ogre!
Unknown command.
Unknown command.
Unknown command.
The two-headed ogre attacks as you move away!
The two-headed ogre hits you with a +0 giant club!!
You die...

... ... .. ...... ....
#..###+##..)... .....
#+###..#...$.......
#c..##..##..#...........
#.......@...'..........
####..O##..#.........
##..##'##.....#
#..##..#.....#
#......'.....#
#..###'#.....#
#..#.....##'###
#..#.....#....#
+..#.....'....#


You could see a two-headed ogre and a centaur.

Vanquished Creatures
  Grinder (D:5)
  2 ice beasts
  A black bear (D:6)
  2 ogres (D:4)
  A phantom (D:6)
  A kobold brigand (D:6)
  3 scorpions (D:4)
  A necrophage (D:4)
  A howler monkey (D:6)
  2 hounds
  5 jellies (Sewer)
  2 orc priests
  A gnoll shaman (D:5)
  An iguana (D:5)
  Jessica (D:3)
  Natasha (D:3)
  Robin (D:3)
  4 gnolls (D:5)
  4 adders
  3 river rats
  A white imp (D:5)
  An ufetubus (D:5)
  2 dart slugs
  10 orcs
  6 ball pythons
  3 bats
  8 endoplasms
  A giant cockroach (Sewer)
  13 goblins
  6 hobgoblins
  3 jackals (D:3)
  3 quokkas
  3 frilled lizards
  9 kobolds
  5 rats
112 creatures vanquished.

Vanquished Creatures (others)
  4 jellies (D:4)
  A hound (D:6)
  A gnoll (D:5)
  2 adders (D:5)
  A dart slug (D:1)
  3 giant cockroaches (D:3)
  A goblin (D:3)
  A hobgoblin (D:1)
  5 kobolds (D:5)
  A quokka (D:3)
  A ball python (D:3)
  11 fungi (D:5)
  4 toadstools (D:5)
36 creatures vanquished.

Grand Total: 148 creatures vanquished

Notes
Turn   | Place    | Note
-------+----------+-------------------------------------------
     0 | D:1      | Morbidden the Troll Conjurer began the quest for the Orb.
     0 | D:1      | Reached XP level 1. HP: 16/16 MP: 1/1
     4 | D:1      | You fall into a shaft and drop 1 floor!
   273 | D:2      | Found Vickedez's Book Shoppe.
   623 | D:2      | Reached XP level 2. HP: 17/24 MP: 2/2
   645 | D:2      | Learned a level 2 spell: Searing Ray
   840 | D:3      | Noticed Robin
   929 | D:3      | Killed Robin
   930 | D:3      | Reached XP level 3. HP: 30/32 MP: 3/3
   974 | D:3      | Reached skill level 1 in Unarmed Combat
   997 | D:3      | Found a glowing drain.
  1014 | Sewer    | Entered a sewer
  1035 | Sewer    | Reached XP level 4. HP: 40/40 MP: 3/5
  1156 | Sewer    | Reached skill level 1 in Fighting
  1185 | Sewer    | Reached skill level 2 in Unarmed Combat
  1185 | Sewer    | Reached XP level 5. HP: 48/48 MP: 2/6
  1292 | Sewer    | Reached XP level 6. HP: 55/55 MP: 2/7
  1301 | Sewer    | Found a viscous altar of Jiyva.
  1352 | Sewer    | Became a worshipper of Jiyva Jita the Shapeless
  1370 | Sewer    | Learned a level 4 spell: Iskenderun's Mystic Blast
  1592 | D:3      | Noticed Jessica
  1592 | D:3      | Noticed Natasha
  1609 | D:3      | Killed Natasha
  1618 | D:3      | Killed Jessica
  1643 | D:3      | Found a faded altar of an unknown god.
  1994 | D:1      | Reached * piety under Jiyva
  2005 | D:1      | Found Ylukay's Jewellery Emporium.
  2887 | D:4      | Reached skill level 3 in Unarmed Combat
  2887 | D:4      | Reached XP level 7. HP: 56/63 MP: 4/9
  2933 | D:4      | Reached ** piety under Jiyva
  3112 | D:4      | Reached skill level 1 in Translocations
  3156 | D:4      | HP: 3/63 [ogre/+0 giant spiked club (12)]
  3181 | D:4      | Identified the +11 morningstar of the Everdark {freeze,
                  | *Slow Will+ Int+7}
  3627 | D:5      | Entered Level 5 of the Dungeon
  3628 | D:5      | Found a shadowy altar of Dithmenos.
  3810 | D:5      | Reached XP level 8. HP: 53/72 MP: 10/10
  3813 | D:5      | Reached skill level 4 in Unarmed Combat
  3905 | D:5      | Found a staircase to the Ecumenical Temple.
  3920 | D:5      | Reached *** piety under Jiyva
  3958 | D:5      | Found a glowing silver altar of Zin.
  4006 | D:5      | Noticed a slime creature
  4007 | D:5      | Noticed a slime creature
  4071 | D:5      | Gained mutation: You have acidic saliva. [Jiyva's grace]
  4071 | D:5      | Gained mutation: You have sharp toenails. [Jiyva's grace]
  4071 | D:5      | Gained mutation: You have razor-sharp toenails. [Jiyva's
                  | grace]
  4071 | D:5      | Gained mutation: You have claws for feet. [Jiyva's grace]
  4434 | D:5      | Noticed Grinder
  4441 | D:5      | Killed Grinder
  4442 | D:5      | Reached skill level 1 in Maces & Flails
  4456 | D:5      | Found an opulent altar of Gozag.
  4534 | D:6      | Reached **** piety under Jiyva
  4688 | D:6      | Reached skill level 5 in Unarmed Combat
  4698 | D:6      | Found an iron altar of Okawaru.
  4795 | D:6      | Noticed a two-headed ogre
  4817 | D:6      | Mangled by a two-headed ogre

Illustrated notes

Levels and vault maps discovered:
D:1:      dpeg_arrival_circle_labyrinth_c, layout_rooms, serial_shops,
          nicolae_shop_stone
D:2:      layout_basic, serial_shops, nicolae_shop_waterfront,
          minmay_misc_feat_columns, kennysheep_generic_room_4
D:3:      layout_rooms, ebering_ecumenical_altar_ruins, portal_sewer_entry_a,
          kennysheep_jessica_study, uniq_robin, uniq_natasha
D:4:      layout_cave_pods, kennysheep_path_1, lemuel_old_faithful
D:5:      cheibrodos_fertilizer, layout_loops_corners, general_overflow_altar,
          zin_statuary, mainiacjoe_overflow_boulevard,
          minmay_temple_entry_crystal_x, uniq_grinder
D:6:      layout_gridville, okawaru_trees_2, gammafunk_temple_overflow_statue

Skill      XL: |  1  2  3  4  5  6  7  8 |
---------------+-------------------------+-----
Conjurations   | 3 4 |  4.3
Dodging        | 2 3 4 |  4.5
Unarmed Combat | 1 2 3 5 |  5.2
Fighting       | 1 2 |  2.6
Spellcasting   | 2 |  2.7
Translocations | 1 2 |  2.0
Maces & Flails | 1 |  1.6
Stealth        | |  1.4

Action                   |  1- 3 |  4- 6 |  7- 9 || total
-------------------------+-------+-------+-------++-------
Melee: Unarmed           |   122 |    75 |   143 ||   340
       Punch             |       |     2 |     3 ||     5
       Kick              |       |       |    15 ||    15
       Bite              |       |       |     1 ||     1
 Cast: Magic Dart        |     7 |    68 |    10 ||    85
       Searing Ray       |     2 |     5 |    14 ||    21
Invok: Oozemancy         |       |       |     1 ||     1
  Use: Potion            |     1 |       |     2 ||     3
 Stab: Sleeping          |       |       |     1 ||     1
Armor: Robe              |    75 |    75 |    49 ||   199
Dodge: Dodged            |    80 |    55 |    88 ||   223

Table legend: (Time is in decaauts)
 A = Elapsed time spent in this place.
 B = Non-inter-level travel time spent in this place.
 C = Inter-level travel time spent in this place.
 D = Time resting spent in this place.
 E = Time spent auto-exploring this place.
 F = Levels seen in this place.
 G = Mean time per level.
                   A        B        C        D        E       F      G
               +--------+--------+--------+--------+--------+-----+--------+
         Total |   4848 |   4664 |    184 |    248 |   3034 |   7 |  692.6 |
       Dungeon |   4460 |   4276 |    184 |    248 |   2822 |   6 |  743.3 |
         Sewer |    387 |    387 |      0 |      0 |    212 |   1 |  387.0 |
               +--------+--------+--------+--------+--------+-----+--------+

Top non-repeatable levels by time:
     D:2: 1063 daAuts
     D:5: 903 daAuts
     D:4: 834 daAuts
     D:1: 785 daAuts
     D:3: 596 daAuts
   Sewer: 387 daAuts
     D:6: 278 daAuts
